 Dungeon Crawl Stone Soup version 0.29-a0-757-g358383bc75 (webtiles) character file.

Game seed: 6823553672932053358

492 zeratav the Ruffian (level 6, -3/62 HPs)
             Began as a Troll Fighter on July 1, 2022.
             Was a Follower of Ru.
             Slain by an ogre
             ... wielding a +0 giant club
              (20 damage)
             ... on level 5 of the Dungeon.
             The game lasted 00:05:14 (3815 turns).

zeratav the Ruffian (Troll Fighter)                 Turns: 3815, Time: 00:05:15

Health: -3/62      AC:  4    Str: 27    XL:     6   Next: 91%
Magic:  5/5        EV:  7    Int:  4    God:    Ru [*.....]
Gold:   244        SH: 12    Dex:  9    Spells: 5/5 levels left

rFire   . . .      SeeInvis .     - Unarmed
rCold   . . .      Faith    .   b - +0 kite shield
rNeg    . . .      Spirit   .   a - +0 robe
rPois   .          Reflect  +   (helmet restricted)
rElec   .          Harm     .   (no cloak)
rCorr   .          Rampage  .   (gloves unavailable)
Will    .....                   (boots unavailable)
Stlth   +.........              w - amulet of reflection
HPRegen 1.00/turn               s - +4 ring of evasion
MPRegen 0.09/turn               (no ring)

@: no status effects
A: large, unfitting armour, claws 3, regeneration 1, shaggy fur 1, tough skin 1,
reduced EV 1
a: Renounce Religion


You were on level 5 of the Dungeon.
You worshipped Ru.
Ru was aware of your devotion.
You visited 2 branches of the dungeon, and saw 6 of its levels.

You collected 280 gold pieces.
You spent 36 gold pieces at shops.


Innate Abilities, Weirdness & Mutations

You are too large for most types of armour.
You have claws for hands.
Your natural rate of healing is unusually fast.
You are covered in fur. (AC +1)
You have tough skin. (AC +1)
You have somewhat slow reflexes. (EV -5)


   Skills:
 + Level 3.7 Fighting
 + Level 2.8 Throwing
 - Level 2.4 Dodging
 + Level 4.1 Shields
 + Level 4.5 Unarmed Combat


You had 5 spell levels left.
You didn't know any spells.
Your spell library contained the following spells:

 Spells                   Type           Power      Damage    Failure   Level
 Apportation              Tloc           0%         N/A       78%         1
 Freeze                   Ice            0%         1d3       78%         1
 Necrotize                Necr           0%         1d4       78%         1
 Summon Small Mammal      Summ           0%         N/A       78%         1
 Blink                    Tloc           0%         N/A       89%         2
 Ensorcelled Hibernation  Hex/Ice        0%         N/A       89%         2
 Frozen Ramparts          Ice            0%         1d2       98%         3
 Ignite Poison            Fire/Tmut/Pois 0%         N/A       98%         3
 Mephitic Cloud           Conj/Pois/Air  0%         N/A       98%         3
 Spider Form              Tmut/Pois      0%         N/A       98%         3
 Anguish                  Hex/Necr       0%         N/A       100%        4
 Hailstorm                Conj/Ice       0%         3d3       100%        4
 Freezing Cloud           Conj/Ice/Air   0%         6-21      100%        5
 Manifold Assault         Tloc           0%         N/A       100%        5
 Storm Form               Tmut/Air       0%         N/A       100%        7

Inventory:

Armour
 a - a +0 robe (worn)
 b - a +0 kite shield (worn)
Jewellery
 p - a ring of fire
   (You found it on level 2 of the Dungeon)
 s - a +4 ring of evasion (left claw)
   (You found it on level 3 of the Dungeon)
 w - an amulet of reflection (around neck)
   (You found it on level 4 of the Dungeon)
Wands
 x - a wand of paralysis (3)
   (You found it on level 4 of the Dungeon)
Scrolls
 d - a scroll of silence {unknown}
 e - 3 scrolls of amnesia {unknown}
 g - 2 scrolls of immolation {unknown}
 h - 3 scrolls of identify {unknown}
 i - 3 scrolls of enchant armour {unknown}
 m - a scroll of fog {unknown}
 o - a scroll of vulnerability {unknown}
 q - a scroll of fear {unknown}
 r - 2 scrolls of poison {unknown}
 y - 2 scrolls of teleportation {unknown}
Potions
 c - a potion of might
 f - a potion of attraction {unknown}
 j - 3 potions of mutation {unknown}
 k - 2 potions of resistance {unknown}
 l - 2 potions of degeneration {unknown}
 n - a potion of lignification {unknown}
 t - a potion of haste {unknown}
 u - a potion of brilliance {unknown}
 v - 4 potions of curing {@q1}
 z - a potion of berserk rage {unknown}

Dungeon Overview and Level Annotations

Branches:
Dungeon (5/15) Zot: 26178  Temple (1/1) D:4 Zot: 5984

Altars:
Cheibriados
Fedhas
Gozag
Kikubaaqudgha
Makhleb
Ru
Sif Muna
Trog
Uskayaw
Wu Jian
The Shining One

Shops:
D:2 :   D:4 !

Annotations:
D:5 Sigmund

#.......+.....##.##......#..>#..
##.......#.....##.##..........#..
....###........##.##........ .#.#
....# ........##.#####+#........
....# ........##.#.. .......
....# ...... #.### ..#... ....#
..... .... .. ..... ....#
......####.###.....##... ....#
#.O@........... #... #'######
.......##..###..... .... #......#
.......##..# ....# #. #......#
.......+...###....# #......#
.......###......... #.######
....... ##....##.. #.# .......
#....# #.# ....... ##.#### #.#
#<.#


You could see an ogre.


Message History

You take 4 damage, and now have 54/62 hp.
You mangle the endoplasm!!
You kill the endoplasm!
HP[+1] No target in view!
No target in view!
No target in view!
No target in view!
No target in view!
No target in view!
No target in view!
No target in view!
No target in view!
No target in view!
No target in view!
No target in view!
No target in view!
No target in view!
Things that are here:
a +0 dagger {short}; a kobold corpse; HP[+7]
Your hp is fully restored (62).
You open the door.
There is an open door here.
Found an escape hatch in the ceiling.
Ru believes you are ready to make a new sacrifice.
Ru asks you to sacrifice your ability to go unnoticed.
This is a modest sacrifice.
Piety after sacrifice: ......
Do you really want to make this sacrifice?
Okay, then.
Ru asks you to corrupt yourself such that: you have somewhat slow reflexes. (EV -5).
This is a medium sacrifice.
Piety after sacrifice: *.....
Do you really want to make this sacrifice?
Your reflexes slow.
You now exude an aura of power that intimidates your foes.
Unknown command.
You open the door.
There is an open door here.
There is an open door here.
You open the door.
There is an open door here.
i - 2 scrolls labelled CIDO LUUKHLISYS (gained 1) As you open the door, it creaks loudly!
There is an open door here.
You open the door.
There is an open door here.
There is an open door here.
There is an open door here.
There is an open door here.
Done exploring.
Done exploring.
Done exploring.
No target in view!
(D) Dungeon (T) Temple
Where to? (Enter - D:4, ? - help)
There is an open door here.
There is an open door here.
There is an open door here.
There is a stone staircase leading down here.
You climb downwards.
Level annotation: Sigmund
There is a stone staircase leading up here.
i - 3 scrolls labelled CIDO LUUKHLISYS (gained 1)
An ogre comes into view. It is wielding a +0 giant club.
The ogre shouts!
An ogre is nearby!
An ogre is nearby!
The ogre barely misses you.
You claw the ogre! You block the ogre's attack.
You barely miss the ogre. You scratch the ogre but do no damage.
The ogre is stunned by your conviction and fails to attack.
You barely miss the ogre.
The ogre hits you with a +0 giant club!!
You closely miss the ogre.
The ogre hits you with a +0 giant club!!
* * * LOW HITPOINT WARNING * * *
You are too injured to fight recklessly!
HP[-46]
You take 46 damage, and now have 16/62 hp.
MASSIVE DAMAGE!! (PAUSE)
You are too injured to fight recklessly!
You are too injured to fight recklessly!
You are too injured to fight recklessly!
You are too injured to fight recklessly!
You are too injured to fight recklessly!
You are too injured to fight recklessly!
You are too injured to fight recklessly!
You are too injured to fight recklessly!
You are too injured to fight recklessly!
You are too injured to fight recklessly!
You are too injured to fight recklessly!
You are too injured to fight recklessly!
You are too injured to fight recklessly!
You are too injured to fight recklessly!
You are too injured to fight recklessly!
You are too injured to fight recklessly!
You are too injured to fight recklessly!
You claw the ogre!
The ogre hits you with a +0 giant club!!
You die...

Skill      XL: |  1  2  3  4  5  6 |
---------------+-------------------+-----
Unarmed Combat | 3 4 |  4.5
Shields        | 3 4 |  4.1
Throwing       | 1 2 |  2.8
Fighting       | 3 |  3.7
Dodging        | |  2.4

Action                   |  1- 3 |  4- 6 || total
-------------------------+-------+-------++-------
Melee: Unarmed           |    95 |   196 ||   291
Invok: Sacrifice Health  |       |     1 ||     1
Armor: Robe              |    31 |    52 ||    83
Dodge: Dodged            |    39 |    73 ||   112
Block: Kite shield       |    29 |    78 ||   107

Levels and vault maps discovered:
D:1:      evilmike_arrival_hilbert_curve, layout_basic,
          dreamdust_princess_corridor, minmay_split_cup_small
D:2:      layout_basic, serial_shops, nicolae_shop_stone,
          chequers_ecumenical_altar_simple, nicolae_grassy_gnolls
D:3:      layout_basic, fountainhead, amcnicky_mini_pool_small,
          serial_park_tiny_1
D:4:      layout_gridville, minitemple, fedhas_altar_4, temple_statues,
          serial_shops, nicolae_shop_statue_plus
D:5:      layout_basic, uniq_sigmund
Temple:   chequers_temple_sunken

Notes
Turn   | Place    | Note
-------+----------+-------------------------------------------
     0 | D:1      | zeratav the Troll Fighter began the quest for the Orb.
     0 | D:1      | Reached XP level 1. HP: 22/22 MP: 0/0
     0 | D:1      | magus.rc [v1.9.6]
    61 | D:1      | You pick up a book of Frost and begin reading...
    61 | D:1      | You add the spells Freeze, Frozen Ramparts and Hailstorm to
                  | your library.
   209 | D:1      | Reached XP level 2. HP: 26/29 MP: 1/1
   223 | D:1      | You pick up a book of Dreams and begin reading...
   223 | D:1      | You add the spells Ensorcelled Hibernation, Spider Form and
                  | Anguish to your library.
   426 | D:1      | You add the spells Blink, Manifold Assault and Storm Form
                  | to your library.
   521 | D:1      | Reached skill level 3 in Unarmed Combat
   660 | D:1      | Reached XP level 3. HP: 36/36 MP: 2/2
   741 | D:2      | Found Renymul's Book Emporium.
   936 | D:2      | Reached skill level 3 in Shields
   948 | D:2      | Reached skill level 1 in Throwing
   948 | D:2      | Reached XP level 4. HP: 24/44 MP: 3/3
  1179 | D:2      | You pick up a book of Cantrips and begin reading...
  1179 | D:2      | You add the spells Necrotize, Summon Small Mammal and
                  | Apportation to your library.
  1366 | D:2      | Found a faded altar of an unknown god.
  1595 | D:3      | Reached skill level 3 in Fighting
  1638 | D:3      | Reached XP level 5. HP: 53/53 MP: 4/4
  2633 | D:4      | Reached skill level 2 in Throwing
  2680 | D:4      | Found a staircase to the Ecumenical Temple.
  2689 | Temple   | Entered the Ecumenical Temple
  2696 | Temple   | Became a worshipper of Ru the Awakened
  2716 | D:4      | Reached skill level 4 in Unarmed Combat
  2812 | D:4      | Reached XP level 6. HP: 56/61 MP: 5/5
  2840 | D:4      | Found Goiziax's Distillery.
  2862 | D:4      | Bought a potion of curing for 36 gold pieces
  2967 | D:4      | Found a snail-covered altar of Cheibriados.
  2968 | D:4      | Found an ancient bone altar of Kikubaaqudgha.
  2968 | D:4      | Found a glowing golden altar of the Shining One.
  2968 | D:4      | Found a bloodstained altar of Trog.
  2970 | D:4      | Found an ornate altar of the Wu Jian Council.
  2972 | D:4      | Found a hide-covered altar of Uskayaw.
  3123 | D:4      | Found a blossoming altar of Fedhas.
  3203 | D:4      | You fall into a shaft and drop 1 floor!
  3203 | D:5      | Entered Level 5 of the Dungeon
  3314 | D:5      | Reached skill level 4 in Shields
  3328 | D:5      | Noticed Sigmund
  3516 | D:4      | You add the spells Ignite Poison, Mephitic Cloud and
                  | Freezing Cloud to your library.
  3643 | D:4      | Gained mutation: You have somewhat slow reflexes. (EV -5)
                  | [Ru sacrifice]
  3643 | D:4      | Reached * piety under Ru
  3815 | D:5      | Slain by an ogre

Vanquished Creatures
  An ogre (D:4)
  2 hounds (D:4)
  4 iguanas
  An orc wizard (D:4)
  6 gnolls
  7 adders
  A worm (D:3)
  3 dart slugs
  3 orcs
  10 ball pythons
  3 bats
  10 endoplasms
  3 giant cockroaches
  7 goblins
  7 hobgoblins
  8 jackals
  2 quokkas
  A frilled lizard (D:2)
  11 kobolds
  3 rats
93 creatures vanquished.

Vanquished Creatures (others)
  14 plants (D:2)
14 creatures vanquished.

Grand Total: 107 creatures vanquished

Table legend:
 A = Non-vault XP
 B = Vault XP
 C = Vault XP percentage of total XP
 D = Non-vault monster count
 E = Vault monster count
 F = Vault count percentage of total count
                 A         B        C        D         E       F
            +---------+---------+-------+---------+---------+-------
      Total |     654 |      49 |   7.0 |      87 |       6 |   6.5
            +---------+---------+-------+---------+---------+-------
        D:1 |      41 |       6 |  12.8 |      22 |       3 |  12.0
        D:2 |      68 |      43 |  38.7 |      25 |       3 |  10.7
        D:3 |      93 |       0 |   0.0 |      18 |       0 |   0.0
        D:4 |     380 |       0 |   0.0 |      20 |       0 |   0.0
        D:5 |      72 |       0 |   0.0 |       2 |       0 |   0.0
            +---------+---------+-------+---------+---------+-------

Illustrated notes

Table legend:
 A = Kills in this place as a percentage of kills in entire the game.
 B = Kills by you in this place as a percentage of kills by you in the entire game.
 C = Kills by friends in this place as a percentage of kills by friends in the entire game.
 D = Other kills in this place as a percentage of other kills in the entire game.
 E = Experience gained in this place as a percentage of experience gained in the entire game.
 F = Experience gained in this place divided by the number of levels of this place that you have seen.
                   A       B       C       D       E      F
               +-------+-------+-------+-------+-------+----------------------
         Total | 100.0 | 100.0 |   N/A |   N/A | 100.0 | 117.2
       Dungeon | 100.0 | 100.0 |   N/A |   N/A | 100.0 | 140.6
               +-------+-------+-------+-------+-------+----------------------

Table legend: (Time is in decaauts)
 A = Elapsed time spent in this place.
 B = Non-inter-level travel time spent in this place.
 C = Inter-level travel time spent in this place.
 D = Time resting spent in this place.
 E = Time spent auto-exploring this place.
 F = Levels seen in this place.
 G = Mean time per level.
                   A        B        C        D        E       F      G
               +--------+--------+--------+--------+--------+-----+--------+
         Total |   3836 |   3544 |    292 |     24 |   2867 |   6 |  639.3 |
       Dungeon |   3820 |   3540 |    280 |     24 |   2865 |   5 |  764.0 |
        Temple |     15 |      4 |     11 |      0 |      2 |   1 |   15.0 |
               +--------+--------+--------+--------+--------+-----+--------+

Top non-repeatable levels by time:
     D:4: 1107 daAuts
     D:3: 955 daAuts
     D:2: 856 daAuts
     D:1: 732 daAuts
     D:5: 168 daAuts
  Temple: 15 daAuts
